 Dungeon Crawl Stone Soup version 0.29-a0-356-g7bc237e783 (webtiles) character file.

Game seed: 9332098181436392068

39 spaghetti the Conjurer (level 3, 0/28 HPs)
             Began as a Naga Conjurer on Apr 25, 2022.
             Slain by a gnoll
             ... wielding a +0 halberd
              (9 damage)
             ... on level 2 of the Dungeon.
             The game lasted 00:02:02 (1786 turns).

spaghetti the Conjurer (Naga Conjurer)              Turns: 1786, Time: 00:02:03

Health: 0/28       AC:  2    Str:  9    XL:     3   Next: 47%
Magic:  5/8        EV:  9    Int: 20    God:
Gold:   14         SH:  0    Dex:  9    Spells: 8/9 levels left

rFire   . . .      SeeInvis +   f - +0 whip {mace}
rCold   . . .      Faith    .   (no shield)
rNeg    . . .      Spirit   .   a - +0 robe
rPois   +          Reflect  .   (no helmet)
rElec   .          Harm     .   (no cloak)
rCorr   .          Rampage  .   (no gloves)
Will    .....                   (no barding)
Stlth   ++........              (no amulet)
HPRegen 0.09/turn               (no ring)
MPRegen 0.11/turn               (no ring)

@: very slow
A: AC +1, large, see invisible, deformed body, poison resistance, slowness 2,
spit poison 1, naga tail 1
a: Spit Poison


You were on level 2 of the Dungeon.
You visited 1 branch of the dungeon, and saw 2 of its levels.

You collected 14 gold pieces.


Innate Abilities, Weirdness & Mutations

Your serpentine skin is tough. (AC +1)
You have supernaturally acute eyesight. (SInv)
Armour fits poorly on your strangely shaped body.
Your system is resistant to poisons. (rPois)
You cover ground very slowly.
You can spit poison.
You have a snake-like lower body.


   Skills:
 - Level 1.5 Dodging
 - Level 3.0 Stealth
 + Level 3.5 Spellcasting
 - Level 4.0 Conjurations


You had 8 spell levels left.
You knew the following spells:

 Your Spells              Type           Power      Damage    Failure   Level
a - Magic Dart            Conj           76%        1d6       2%          1

Your spell library contained the following spells:

 Spells                   Type           Power      Damage    Failure   Level
 Searing Ray              Conj           38%        2d5       4%          2
 Shock                    Conj/Air       44%        1d5       6%          1
 Dazzling Flash           Conj/Hex       22%        N/A       19%         3
 Swiftness                Air            3%         N/A       38%         3
 Fulminant Prism          Conj/Hex       5%         3d7       52%         4
 Iskenderun's Mystic Bla  Conj/Tloc      11%        2d4       52%         4
 Airstrike                Air            1%         N/A       80%         4

Inventory:

Hand Weapons
 f - a +0 whip (weapon) {mace}
   (You took it off a kobold on level 1 of the Dungeon)
 h - a +0 club {mace}
   (You took it off a goblin on level 1 of the Dungeon)
 k - a +2 dagger of holy wrath {short}
   (You took it off a kobold on level 1 of the Dungeon)
Missiles
 j - 17 stones {throwing}
Armour
 a - a +0 robe (worn)
Scrolls
 d - a scroll of immolation {unknown}
 g - a scroll of teleportation {unknown}
 i - a scroll of blinking {unknown}
Potions
 b - a potion of magic
 c - a potion of curing {unknown}
 e - a potion of attraction {unknown}
 l - a potion of berserk rage {unknown}

Dungeon Overview and Level Annotations

Branches:
Dungeon (2/15)

Altars:

.g #. #.
#. #. ...
#) ..
#S## ..
#.g####.
##g@##..
##.##.#
#.##.#
#.##†#
#....#
#..###
######..#
........#
#######.#


You could see 2 gnolls and an adder.


Message History

Your mp is fully restored (8).
You start resting. 😎 HP[+18]
Your hp is fully restored (28).
You climb downwards.
The kobold hits you with a +0 dagger. The kobold hits you but does no damage.
There is a stone staircase leading up here. 😕 HP[-2]
You take 2 damage, and now have 26/28 hp.
Casting: Magic Dart (safe; 2% risk of failure)
Confirm with . or Enter, or press ? or * to list all spells.
Aiming: Magic Dart (safe; 2% risk of failure)
Press: ? - help, Shift-Dir - straight line, f - kobold
Aim: a kobold, wielding a +0 dagger (100% to hit)
The magic dart hits the kobold.
The kobold completely misses you.
The gnoll hits you from afar with a +0 halberd. 😕 HP[-3] MP[-1]
You take 3 damage, and now have 23/28 hp.
You lost 1 mp, and now have 7/8 mp.
Casting: Magic Dart (safe; 2% risk of failure)
Confirm with . or Enter, or press ? or * to list all spells.
Aiming: Magic Dart (safe; 2% risk of failure)
Press: ? - help, Shift-Dir - straight line, f/p - kobold
Aim: a kobold, wielding a +0 dagger (moderately wounded, 100% to hit)
The magic dart hits the kobold.
The kobold closely misses you. The gnoll barely misses you. 😕 MP[-1]
You lost 1 mp, and now have 6/8 mp.
Casting: Magic Dart (safe; 2% risk of failure)
Confirm with . or Enter, or press ? or * to list all spells.
Aiming: Magic Dart (safe; 2% risk of failure)
Press: ? - help, Shift-Dir - straight line, f/p - kobold
Aim: a kobold, wielding a +0 dagger (severely wounded, 100% to hit)
The magic dart hits the kobold.
You kill the kobold!
The gnoll completely misses you. 😕 MP[-1]
You lost 1 mp, and now have 5/8 mp.
Casting: Magic Dart (safe; 2% risk of failure)
Confirm with . or Enter, or press ? or * to list all spells.
Aiming: Magic Dart (safe; 2% risk of failure)
Press: ? - help, Shift-Dir - straight line, f - gnoll
Aim: a gnoll, wielding a +0 halberd (100% to hit)
The magic dart hits the gnoll.
A gnoll comes into view. It is wielding a +0 flail.
The gnoll hits you from afar with a +0 halberd! 😮 HP[-7] MP[-1]
You take 7 damage, and now have 16/28 hp.
MASSIVE DAMAGE!! (PAUSE)
You lost 1 mp, and now have 4/8 mp.
The gnoll hits you from afar with a +0 halberd!
Ouch! That really hurt!
* * * LOW HITPOINT WARNING * * *
You climb upwards.
There is a stone staircase leading down here. 😱 HP[-14]
You take 14 damage, and now have 2/28 hp.
MASSIVE DAMAGE!! (PAUSE) Unknown command.
You start resting. 😱 HP[+3] MP[+4]
You regained 3 hp, and now have 5/28 hp.
Your mp is fully restored (8).
You start resting. 😎 HP[+23]
Your hp is fully restored (28).
You climb downwards.
There is a stone staircase leading up, spattered with blood here.
Casting: Magic Dart (safe; 2% risk of failure)
Confirm with . or Enter, or press ? or * to list all spells.
Aiming: Magic Dart (safe; 2% risk of failure)
Press: ? - help, Shift-Dir - straight line, f - gnoll
Aim: a gnoll, wielding a +0 halberd (100% to hit)
The magic dart hits the gnoll.
The gnoll hits you with a +0 flail.
The gnoll hits you with a +0 halberd. 😮 HP[-11] MP[-1]
You take 11 damage, and now have 17/28 hp.
MASSIVE DAMAGE!! (PAUSE)
You lost 1 mp, and now have 7/8 mp.
Casting: Magic Dart (safe; 2% risk of failure)
Confirm with . or Enter, or press ? or * to list all spells.
Aiming: Magic Dart (safe; 2% risk of failure)
Press: ? - help, Shift-Dir - straight line, f/p - gnoll
Aim: a gnoll, wielding a +0 halberd (heavily wounded, 100% to hit)
The magic dart hits the gnoll.
An adder comes into view.
The gnoll closely misses you. The gnoll hits you with a +0 flail!
* * * LOW HITPOINT WARNING * * *
The adder hisses angrily. 😨 HP[-8] MP[-1]
You take 8 damage, and now have 9/28 hp.
MASSIVE DAMAGE!! (PAUSE)
You lost 1 mp, and now have 6/8 mp.
Casting: Magic Dart (safe; 2% risk of failure)
Confirm with . or Enter, or press ? or * to list all spells.
Aiming: Magic Dart (safe; 2% risk of failure)
Press: ? - help, Shift-Dir - straight line, f/p - gnoll
Aim: a gnoll, wielding a +0 halberd (heavily wounded, 100% to hit)
The magic dart hits the gnoll.
The gnoll hits you with a +0 halberd!
You die...

Skill      XL: |  1  2 |
---------------+-------+-----
Spellcasting   | 3 |  3.5
Dodging        | |  1.5
Stealth        | |  3.0
Conjurations   | |  4.0

Action                   || total
-------------------------++-------
Melee: Whip              ||     8
       Unarmed           ||     1
       Punch             ||     1
 Cast: Magic Dart        ||    45
 Abil: Spit Poison       ||     4
Armor: Robe              ||     1
Dodge: Dodged            ||    10

Levels and vault maps discovered:
D:1:      matt_arrival_los_fun, layout_loops_ring,
          shapermc_ecumenical_altar_mp_ritualfount
D:2:      layout_rooms

Notes
Turn   | Place    | Note
-------+----------+-------------------------------------------
     0 | D:1      | spaghetti the Naga Conjurer began the quest for the Orb.
     0 | D:1      | Reached XP level 1. HP: 15/15 MP: 3/3
     0 | D:1      | magus.rc [v1.9.6]
   261 | D:1      | Reached XP level 2. HP: 18/22 MP: 0/5
   435 | D:1      | Found a faded altar of an unknown god.
   716 | D:1      | You pick up a book of Air and begin reading...
   716 | D:1      | You add the spells Shock, Swiftness and Airstrike to your
                  | library.
   947 | D:1      | Reached skill level 3 in Spellcasting
  1012 | D:2      | Reached XP level 3. HP: 28/28 MP: 2/7
  1233 | D:2      | HP: 4/28 [gnoll/+0 spear (7)]
  1500 | D:2      | HP: 2/28 [gnoll/+0 halberd (14)]
  1786 | D:2      | Slain by a gnoll

Vanquished Creatures
  A gnoll (D:2)
  An adder (D:2)
  An endoplasm (D:2)
  A giant cockroach (D:1)
  A goblin (D:1)
  3 hobgoblins (D:1)
  4 kobolds
  A quokka (D:1)
  2 ball pythons (D:1)
  A bat (D:2)
  3 frilled lizards (D:1)
  3 rats (D:1)
22 creatures vanquished.

Table legend:
 A = Non-vault XP
 B = Vault XP
 C = Vault XP percentage of total XP
 D = Non-vault monster count
 E = Vault monster count
 F = Vault count percentage of total count
                 A         B        C        D         E       F
            +---------+---------+-------+---------+---------+-------
      Total |      57 |       0 |   0.0 |      22 |       0 |   0.0
            +---------+---------+-------+---------+---------+-------
        D:1 |      25 |       0 |   0.0 |      17 |       0 |   0.0
        D:2 |      32 |       0 |   0.0 |       5 |       0 |   0.0
            +---------+---------+-------+---------+---------+-------

Illustrated notes

Table legend:
 A = Kills in this place as a percentage of kills in entire the game.
 B = Kills by you in this place as a percentage of kills by you in the entire game.
 C = Kills by friends in this place as a percentage of kills by friends in the entire game.
 D = Other kills in this place as a percentage of other kills in the entire game.
 E = Experience gained in this place as a percentage of experience gained in the entire game.
 F = Experience gained in this place divided by the number of levels of this place that you have seen.
                   A       B       C       D       E      F
               +-------+-------+-------+-------+-------+----------------------
         Total | 100.0 | 100.0 |   N/A |   N/A | 100.0 |  28.5
       Dungeon | 100.0 | 100.0 |   N/A |   N/A | 100.0 |  28.5
               +-------+-------+-------+-------+-------+----------------------

Table legend: (Time is in decaauts)
 A = Elapsed time spent in this place.
 B = Non-inter-level travel time spent in this place.
 C = Inter-level travel time spent in this place.
 D = Time resting spent in this place.
 E = Time spent auto-exploring this place.
 F = Levels seen in this place.
 G = Mean time per level.
                   A        B        C        D        E       F      G
               +--------+--------+--------+--------+--------+-----+--------+
         Total |   2078 |   2022 |     56 |    598 |   1305 |   2 | 1039.0 |
       Dungeon |   2078 |   2022 |     56 |    598 |   1305 |   2 | 1039.0 |
               +--------+--------+--------+--------+--------+-----+--------+

Top non-repeatable levels by time:
     D:1: 1891 daAuts
     D:2: 186 daAuts
